 Dungeon Crawl Stone Soup version 0.32-a0-660-g97ce250973 (webtiles) character file.

Game seed: 11553884782080513128

34 jumpa the Grave Robber (level 3, -1/25 HPs)
             Began as a Mummy Necromancer on Mar 9, 2024.
             Slain by a goblin
             ... wielding a +0 dagger
              (3 damage)
             ... on level 2 of the Dungeon.
             The game lasted 00:30:51 (2989 turns).

jumpa the Grave Robber (Mummy Necromancer)          Turns: 2989, Time: 00:30:52

Health: -1/25      AC:  3    Str: 17    XL:     3   Next: 14%
Magic:  7/7        EV:  7    Int: 21    God:
Gold:   57         SH:  0    Dex: 12    Spells: 7/8 levels left

rFire   x . .        r - +5 hand axe of Axkeobepp {heavy, Int+5}
rCold   + . .        f - +2 tower shield
rNeg    + + +        g - +0 leather armour
rPois   ∞            (no helmet)
rElec   .            (no cloak)
rCorr   .            (no gloves)
SInv    .            (no boots)
Will    .....        (no amulet)
Stlth   +            p - +6 ring of strength
HPRegen 0.24/turn    (no ring)
MPRegen 0.10/turn

%: faith
@: confused
A: cold resistance 1, negative energy resistance 3, torment resistance 2, heat
vulnerability 1, in touch with death 1, no potions, faith
a: no special abilities


You were on level 2 of the Dungeon.
You visited 1 branch of the dungeon, and saw 2 of its levels.

You collected 57 gold pieces.

Inventory:

Hand Weapons
 c - a +0 dagger
 n - a +0 long sword of electrocution
 r - the +5 hand axe of Axkeobepp (weapon) {heavy, Int+5}
   (You found it on level 2 of the Dungeon)

   Int+5:     It affects your intelligence (+5).
Missiles
 h - 6 atropa-tipped darts
 m - 8 stones
Armour
 a - a +0 robe
 d - a +0 robe
 f - a +2 tower shield (worn)
 g - a +0 leather armour (worn)
 i - a +0 robe
Jewellery
 p - a +6 ring of strength (left hand)
 q - a ring of resist corrosion
Scrolls
 e - 4 scrolls of identify
 o - a scroll of blinking
 s - a scroll of revelation {unknown}
Potions
 b - 2 potions of enlightenment {unknown}
 j - a potion of magic {unknown}
 k - a potion of heal wounds {unknown}
 l - a potion of haste {unknown}


   Skills:
 + Level 0.5 Fighting
 - Level 1.6 Dodging
 * Level 1.8 Stealth
 + Level 3.4 Spellcasting
 * Level 4.4 Necromancy


You had 7 spell levels left.
You knew the following spells:

 Your Spells              Type           Power      Damage    Failure   Level
a - Necrotise             Necr           100%       1d9       34%         1

Your spell library contained the following spells:

 Spells                   Type           Power      Damage    Failure   Level
 Vampiric Draining        Necr           33%        2d8       71%         3
 Animate Dead             Necr           33%        N/A       98%         4
 Dazzling Flash           Conj/Hex       6%         N/A       100%        3
 Mephitic Cloud           Conj/Alch/Air  3%         N/A       100%        3
 Summon Ice Beast         Ice/Summ       3%         N/A       100%        3
 Tukima's Dance           Hex            3%         N/A       100%        3
 Dimensional Bullseye     Hex/Tloc       1%         N/A       100%        4
 Iskenderun's Mystic Bla  Conj/Tloc      3%         2d3       100%        4
 Curse of Agony           Necr           33%        N/A       100%        5
 Silence                  Hex/Air        1%         N/A       100%        5
 Summon Mana Viper        Hex/Summ       3%         N/A       100%        5
 Monstrous Menagerie      Summ           1%         N/A       100%        7


Dungeon Overview and Level Annotations

Branches:
Dungeon (2/15)

Altars:


Innate Abilities, Weirdness & Mutations

You are immune to poison.
Your flesh is cold resistant. (rC+)
You are immune to negative energy. (rN+++)
You are immune to unholy pain and torment.
You are vulnerable to heat. (rF-)
You are in touch with the powers of death.
You do not drink.
You have a special connection with the divine. (Faith)


Message History

The orc wizard shouts!
The orc wizard gestures wildly while chanting.
The orc wizard flickers and vanishes!
Deactivating autopickup; reactivate with Ctrl-A.
You block the orc wizard's attack.
The orc wizard hits you but does no damage.
The orc wizard mumbles some strange words.
The orc wizard flickers and vanishes!
A goblin comes into view. It is wielding a +0 dagger.
You miss the orc wizard. The orc wizard completely misses you.
You block the orc wizard's attack. The orc hits you with a +0 flail.
An orc comes into view. It is wielding a +0 flail.
You block the orc wizard's attack.
The orc moves out of view.
You hit the orc.
The orc is severely wounded.
You closely miss the orc wizard. You hit something. You block the orc's attack.
You hear some strange, mumbled words.
A magic dart appears from out of thin air!
The magic dart hits you! The orc wizard casts a spell at you.
The puff of flame misses you. You block the orc wizard's attack.
Something hits you. You block the orc's attack.
The orc shouts!
You slash the orc!
You kill the orc!
You closely miss something. You hit the orc wizard. Something hits you.
You hear some strange, mumbled words.
You are confused.
The orc wizard casts a spell.
The orc wizard flickers and vanishes!
The goblin hits you with a +0 dagger.
* * * LOW HITPOINT WARNING * * *
Something hits you but does no damage.
You hear some strange, mumbled words.
Something tries to affect you, but you resist.
The goblin attacks as it pursues you! The goblin hits you with a +0 dagger.
* * * LOW HITPOINT WARNING * * *
You bump into the rock wall.
Something hits you.
* * * LOW HITPOINT WARNING * * *
The goblin hits you with a +0 dagger.
You die...

.. ..
####.#####
..#).....
#.#.... #....
#{o# #g{#
#..#
######@.#
#..#
#........#
#..#
#.######.#
#..#
#.########..#
#........#..#
#######..#..#
#.......#..#
+...........#
##.........)#


You could see an orc and a goblin.

Vanquished Creatures
  An adder (D:2)
  A dart slug (D:1)
  An orc (D:2)
  A ball python (D:1)
  4 bats (D:1)
  4 endoplasms
  A goblin (D:1)
  A hobgoblin (D:1)
  2 jackals (D:2)
  A quokka (D:1)
  A frilled lizard (D:2)
  2 kobolds
20 creatures vanquished.

Notes
Turn   | Place    | Note
-------+----------+-------------------------------------------
     0 | D:1      | jumpa the Mummy Necromancer began the quest for the Orb.
     0 | D:1      | Reached XP level 1. HP: 13/13 MP: 4/4
  1960 | D:1      | Reached XP level 2. HP: 12/20 MP: 6/6
  2688 | D:2      | Identified the +5 hand axe of Axkeobepp {heavy, Int+5}
  2817 | D:2      | Reached XP level 3. HP: 25/25 MP: 4/7
  2989 | D:2      | Slain by a goblin

Illustrated notes

Levels and vault maps discovered:
D:1:      amcnicky_arrival_underground_garden, layout_rooms
D:2:      layout_basic, minmay_fountain_box, minmay_pentomino_p4

Skill      XL: |  1 |
---------------+----+-----
Spellcasting   | 3 |  3.4
Fighting       | |  0.5
Dodging        | |  1.6
Stealth        | |  1.8
Necromancy     | |  4.4

Action                     || total
---------------------------++-------
  Melee: Unarmed           ||    18
         Dagger            ||    50
         Long sword        ||     8
         Hand axe          ||     4
   Cast: Necrotise         ||     9
    Use: Scroll            ||     1
 Armour: Robe              ||     8
         Leather armour    ||    57
  Dodge: Dodged            ||    39
  Block: Tower shield      ||    64

Table legend: (Time is in decaauts)
 A = Elapsed time spent in this place.
 B = Non-inter-level travel time spent in this place.
 C = Inter-level travel time spent in this place.
 D = Time resting spent in this place.
 E = Time spent auto-exploring this place.
 F = Levels seen in this place.
 G = Mean time per level.
                   A        B        C        D        E       F      G
               +--------+--------+--------+--------+--------+-----+--------+
         Total |   3023 |   1909 |   1114 |   1358 |     69 |   2 | 1511.5 |
       Dungeon |   3023 |   1909 |   1114 |   1358 |     69 |   2 | 1511.5 |
               +--------+--------+--------+--------+--------+-----+--------+

Top non-repeatable levels by time:
     D:1: 2330 daAuts
     D:2: 692 daAuts
